 Dungeon Crawl Stone Soup version 0.22-a0-412-g2b68d14 (webtiles) character file.

81 Borgoz the Skirmisher (level 4, -2/29 HPs)
             Began as a Gargoyle Abyssal Knight on May 12, 2018.
             Was a Believer of Lugonu.
             Killed by divine providence
             ... invoked by an orc priest
              (15 damage)
             ... on level 2 of the Dungeon.
             The game lasted 00:03:02 (1946 turns).

Borgoz the Skirmisher (Gargoyle Abyssal Knight)     Turns: 1946, Time: 00:03:03

Health: -2/29      AC:  6    Str: 15    XL:     4   Next: 42%
Magic:  5/5        EV: 11    Int: 18    God:    Lugonu [**....]
Gold:   163        SH:  0    Dex: 10    Spells: 3/3 levels left

rFire    . . .     SeeInvis .   a - +1 hand axe
rCold    + . .     Gourm    .   (no shield)
rNeg     + . .     Faith    .   b - +0 leather armour
rPois    ∞         Spirit   .   (no helmet)
rElec    +         Reflect  .   (no cloak)
rCorr    .         Harm     .   (no gloves)
MR       .....                  (no boots)
Stlth    +.........             (no amulet)
HPRegen  0.09/turn              f - ring of protection from cold
MPRegen  0.09/turn              m - +5 ring of intelligence

@: no status effects
A: negative energy resistance 1, electricity resistance, unbreathing,
petrification resistance, rot immunity, AC +3
a: Depart the Abyss, Bend Space, Renounce Religion


You were on level 2 of the Dungeon.
You worshipped Lugonu.
Lugonu was pleased with you.
You were hungry.

You visited 1 branch of the dungeon, and saw 3 of its levels.
You visited the Abyss 1 time.

You collected 163 gold pieces.

Inventory:

Hand Weapons
 a - a +1 hand axe (weapon)
Armour
 b - a +0 leather armour (worn)
Jewellery
 f - a ring of protection from cold (left hand)
 m - a +5 ring of intelligence (right hand)
Scrolls
 d - 2 scrolls of remove curse {unknown}
 e - a scroll of random uselessness {unknown}
 g - 2 scrolls of amnesia {unknown}
 i - a scroll of identify {unknown}
 k - a scroll of enchant armour {unknown}
 l - a scroll of teleportation {unknown}
Potions
 h - a potion of heal wounds {unknown}
 j - 2 potions of curing {unknown}
 n - a potion of lignification {unknown}
 p - a potion of berserk rage {unknown}
Comestibles
 c - 5 rations
 o - a chunk of flesh


   Skills:
 + Level 3.8 Fighting
 * Level 2.7 Axes
 + Level 2.8 Armour
 + Level 1.4 Dodging
 + Level 2.6 Invocations


You had 3 spell levels left.
You didn't know any spells.
Your spell library was empty.

Dungeon Overview and Level Annotations

Branches:
Dungeon (3/15)

Altars:
Qazlal


Innate Abilities, Weirdness & Mutations

You are resistant to torment.
Your stone body is resilient. (AC +3)
You are immune to poison.
You resist negative energy. (rN+)
You are resistant to electric shocks. (rElec)
You can survive without breathing.
You are immune to petrification.
You are immune to rotting.


Message History

You are too injured to fight recklessly!
You hit the orc priest.
The orc priest is moderately wounded.
You hit the hobgoblin.
You kill the hobgoblin!
Lugonu accepts your kill.
You hit the orc but do no damage.
The orc priest calls upon Beogh to heal the orc.
The orc's wounds heal themselves!
The orc misses you.
You closely miss the orc priest.
The orc priest is moderately wounded.
You closely miss the orc. The orc priest completely misses you.
The orc hits you but does no damage.
You hit the orc priest.
The orc priest is heavily wounded.
You closely miss the orc.
The orc priest calls down the wrath of Beogh upon you.
Beogh smites you!
Ouch! That really hurt!
You die...

...####.# #.........# ##.........
######..# #.........# ##.######..
# ###..## #####.#######..# #..
8##...## #......##.## ###..
.##...# #......##.# ##....
.>#...# ######.........####..#)#
.##...####...........##...##....#
8##........#####.)...##.......###
# #....##### ##@o...............
###...## ##o.....######..####
......# #.....### #..# # ......#
###)#[### #.## # ......# #..)#.#
######..## # ##.####
###.###.#####........### #.#
#...###.#......#####..## #.####
#(####.........# ##... #....#
#.###..#.......# ####


You could see an orc priest and an orc.

Vanquished Creatures
  3 adders (D:2)
  2 leopard geckos (D:1)
  An orc (D:2)
  7 bats
  3 giant cockroaches (D:2)
  5 goblins
  9 hobgoblins
  6 kobolds
  3 quokkas (D:2)
  2 ball pythons
  A frilled lizard (D:2)
  6 rats
48 creatures vanquished.

Notes
Turn   | Place    | Note
-------+----------+-------------------------------------------
     0 | Abyss:1  | Borgoz the Gargoyle Abyssal Knight began the quest for the Orb.
     0 | Abyss:1  | Reached XP level 1. HP: 14/14 MP: 2/2
    65 | Abyss:1  | Noticed a large abomination
    66 | D:1      | Escaped the Abyss
    98 | D:1      | Reached XP level 2. HP: 10/19 MP: 3/3
    99 | D:1      | Reached skill level 1 in Dodging
   111 | D:1      | Reached * piety under Lugonu
   658 | D:2      | Reached XP level 3. HP: 3/23 MP: 4/4
  1441 | D:2      | Reached XP level 4. HP: 29/29 MP: 5/5
  1442 | D:2      | Found a stormy altar of Qazlal.
  1778 | D:2      | Reached ** piety under Lugonu
  1946 | D:2      | Killed from afar by an orc priest

Vault maps used:
D:1:      lightli_iron_boxes, minivault_14
D:2:      nicolae_overflow_hidden_temple, first_ration,
          kennysheep_generic_room_9
D:3:      nemelex_diamond_rough_becter
Abyss:1:  hangedman_cross_veins

Skill      XL: |  1  2 |
---------------+-------+-----
Axes           | 2 |  2.7
Dodging        | 1 |  1.4
Fighting       | |  3.8
Armour         | |  2.8
Invocations    | |  2.6

Action                   |  1- 3 |  4- 6 || total
-------------------------+-------+-------++-------
Melee: Hand axe          |   133 |    39 ||   172
Invok: Depart the Abyss  |     1 |       ||     1
  Eat: Chunk             |     1 |     2 ||     3
Armor: Leather armour    |    75 |    28 ||   103
Dodge: Dodged            |   119 |    36 ||   155

Table legend:
 A = Spawn XP
 B = Non-spawn XP
 C = Spawn XP percentage of total XP
 D = Spawn monster count
 E = Non-spawn monster count
 F = Spawn count percentage of total count
 G = Total turns spent on level
                    A         B        C        D         E        F      G
               +---------+---------+-------+---------+---------+-------+---------
         Total |       0 |     117 |   0.0 |       0 |      48 |   0.0 |  1946
               +---------+---------+-------+---------+---------+-------+---------
           D:1 |       0 |      29 |   0.0 |       0 |      16 |   0.0 |   564
           D:2 |       0 |      88 |   0.0 |       0 |      32 |   0.0 |  1312
               +---------+---------+-------+---------+---------+-------+---------
